 Dungeon Crawl Stone Soup version 0.30-b1-2-g02819fbbbe (webtiles) character file.

Game seed: 4344799190230191579

2835 maniek23 the Skirmisher (level 9, -4/66 (71) HPs)
             Began as a Gnoll Hunter on July 25, 2023.
             Was an Initiate of Hepliaklqana.
             Slain by a wight
             ... wielding a +0 war axe
              (13 damage)
             ... on level 6 of the Dungeon on July 26, 2023.
             The game lasted 00:23:24 (5059 turns).

maniek23 the Skirmisher (Gnoll Hunter)              Turns: 5059, Time: 00:23:25

HP:   -4/66 (71)    AC:  8    Str: 12    XL:     9   Next: 73%
MP:   16/16         EV: 17    Int:  7    God:    Hepliaklqana [......]
Gold: 210           SH:  0    Dex: 24    Spells: 17/17 levels left

rFire   . . .        a - +4 sling "Worm's Wrath" {drain, Will+ Str+2}
rCold   x . .        (no shield)
rNeg    . . .        c - +0 leather armour
rPois   .            (no helmet)
rElec   .            (no cloak)
rCorr   .            C - +0 pair of gloves
SInv    .            y - +2 pair of boots
Will    ++...        l - amulet of faith
Stlth   +++          (no ring)
HPRegen 0.31/turn    (no ring)
MPRegen 0.15/turn

%: faith
@: drained
A: fangs 1, strong nose, distributed training, claws 1, agile 1, strong-willed
1, cold vulnerability 1
a: Renounce Religion


You were on level 6 of the Dungeon.
You worshipped Hepliaklqana.
Hepliaklqana was noncommittal.
You visited 2 branches of the dungeon, and saw 7 of its levels.
You also visited: Ossuary.

You collected 275 gold pieces.
You spent 65 gold pieces at shops.

Inventory:

Hand Weapons
 a - the +4 sling "Worm's Wrath" (weapon) {drain, Will+ Str+2}
   (You found it on level 2 of the Dungeon)

   Str:       It affects your strength (+2).
   Will:      It increases your willpower.
 b - a +2 dagger of venom
 n - a +0 shortbow
 B - a +0 rapier
Armour
 c - a +0 leather armour (worn)
 y - a +2 pair of boots (worn)
 C - a +0 pair of gloves (worn)
Magical Staves
 E - a staff of air
Jewellery
 d - a +6 ring of dexterity
 e - a ring of ice
 l - an amulet of faith (around neck)
Scrolls
 f - a scroll of poison {unknown}
 g - 2 scrolls of vulnerability {unknown}
 h - a scroll of fog {unknown}
 i - 4 scrolls of teleportation
 j - 5 scrolls of immolation
 o - 4 scrolls of noise
 u - 2 scrolls of enchant armour
 v - a scroll of blinking {unknown}
Potions
 k - 2 potions of curing
 m - 4 potions of heal wounds
 p - a potion of berserk rage {unknown}
 q - 2 potions of lignification
 r - 5 potions of mutation
 s - 2 potions of degeneration {unknown}
 t - a potion of resistance {unknown}
 w - a potion of flight {unknown}
 x - a potion of invisibility {unknown}
 z - 5 potions of attraction
 A - 3 potions of haste {unknown}
 D - a potion of ambrosia {unknown}


   Skills:
 + Level 6.6 Fighting
 + Level 4.7 Short Blades
 + Level 4.7 Long Blades
 + Level 4.7 Axes
 + Level 4.7 Maces & Flails
 + Level 4.7 Polearms
 + Level 4.7 Staves
 + Level 9.8 Ranged Weapons
 + Level 4.7 Throwing
 + Level 4.7 Armour
 + Level 6.6 Dodging
 + Level 5.3 Stealth
 + Level 4.7 Shields
 + Level 4.7 Unarmed Combat
 + Level 4.7 Spellcasting
 + Level 3.9 Conjurations
 + Level 3.9 Hexes
 + Level 3.9 Summonings
 + Level 3.9 Necromancy
 + Level 3.9 Translocations
 + Level 3.9 Transmutations
 + Level 3.9 Fire Magic
 + Level 3.9 Ice Magic
 + Level 3.9 Air Magic
 + Level 3.9 Earth Magic
 + Level 3.9 Poison Magic
 + Level 5.2 Invocations
 + Level 4.7 Evocations


You had 17 spell levels left.
You didn't know any spells.
Your spell library contained the following spells:

 Spells                   Type           Power      Damage    Failure   Level
 Apportation              Tloc           14%        N/A       8%          1
 Blink                    Tloc           14%        N/A       11%         2
 Cigotuvi's Dreadful Rot  Necr/Pois/Air  14%        N/A       11%         2
 Lesser Beckoning         Tloc           14%        N/A       11%         2
 Momentum Strike          Conj/Tloc      14%        3d8       11%         2
 Gell's Gravitas          Tloc           7%         N/A       22%         3
 Ignite Poison            Fire/Tmut/Pois 7%         N/A       22%         3
 Stone Arrow              Conj/Erth      14%        3d7       22%         3
 Teleport Other           Tloc           7%         N/A       22%         3
 Animate Armour           Summ/Erth      14%        N/A       58%         4
 Alistair's Intoxication  Tmut/Pois      4%         N/A       90%         5
 Freezing Cloud           Conj/Ice/Air   3%         6-21      90%         5
 Dispersal                Tloc           3%         N/A       100%        6
 Lehudib's Crystal Spear  Conj/Erth      3%         10d3      100%        8


Dungeon Overview and Level Annotations

Branches:
Dungeon (6/15)             Temple (1/1) D:6         Ossuary (visited)

Altars:
Ashenzari
Cheibriados
Dithmenos
Elyvilon
Fedhas
Gozag
Hepliaklqana
Makhleb
Nemelex Xobeh
Okawaru
Qazlal
Ru
Sif Muna
Trog
Uskayaw
Vehumet
Wu Jian
Xom
Yredelemnul
The Shining One

Shops:
D:1 *   D:4 ?


Innate Abilities, Weirdness & Mutations

You have very sharp teeth.
Your uncanny sense of smell can sniff out nearby items.
Your experience applies equally to all skills.
You have sharp fingernails.
You are agile. (Dex +4, Str/Int -1)
You are strong-willed. (Will+)
You are vulnerable to cold. (rC-)


Message History

The wight attacks as you move away! The wight completely misses you.
The wight attacks as you move away! The wight misses you.
You shoot a sling bullet. The sling bullet hits the wight.
The wight is lightly damaged.
The wight completely misses you.
You shoot a sling bullet. The sling bullet hits the wight.
The wight is heavily damaged.
The wight closely misses you.
You shoot a sling bullet.
The sling bullet barely misses the wight.
The sling bullet hits the wight.
The wight is severely damaged.
You shoot a sling bullet.
The sling bullet barely misses the wight.
The wight hits you with a +0 war axe. The wight barely misses you.
The wight attacks as you move away! The wight hits you with a +0 falchion.
* * * LOW HITPOINT WARNING * * *
The wight hits you but does no damage. The wight attacks as you move away!
The wight misses you.
You shoot a sling bullet.
The sling bullet closely misses the wight.
The wight hits you with a +0 war axe!
* * * LOW HITPOINT WARNING * * *
You feel drained.
* * * LOW HITPOINT WARNING * * *
The wight closely misses you.
You feel much better. The wight closely misses you.
The wight hits you but does no damage. The wight attacks as you move away!
The wight closely misses you.
You shoot a sling bullet. The sling bullet hits the wight.
The wight is heavily damaged.
The wight barely misses you.
There is a stone staircase leading down here.
You shoot a sling bullet.
The sling bullet hits the wight but does no damage.
The wight is heavily damaged.
The wight hits you with a +0 war axe!
* * * LOW HITPOINT WARNING * * *
The wight hits you with a +0 war axe!
You die...

#. #....##.###...#
..#.###.>..#..# ...#
....###.....#.##...#
#..#...##.........
#.....## #........
##..#...####.)...
#.....#....#).#.
..#.#.#.#.(.)#.# #
#@zz.........#
####.####...## #.#
##### ∆ #.# ..# ###
∆


You could see 2 wights.

Vanquished Creatures
  Pikel (D:5)
  3 yaks (D:5)
  Menkaure (D:5)
  2 orc warriors (D:4)
  2 ogres
  11 scorpions
  2 wights (D:6)
  A howler monkey (D:5)
  An orc priest (D:4)
  3 human zombies (Ossuary)
  3 hounds
  An iguana (D:6)
  6 orc wizards
  3 scorpion zombies (Ossuary)
  A sleepcap (D:5)
  3 mummies (Ossuary)
  5 gnolls
  2 adders (D:2)
  A white imp (D:5)
  An ufetubus (D:5)
  4 worms
  3 dart slugs
  15 orcs
  3 endoplasms
  A giant cockroach (D:1)
  A gnoll zombie (Ossuary)
  7 goblins
  8 hobgoblins
  4 jackals (D:4)
  6 quokkas
  4 ball pythons
  3 bats
  4 frilled lizards (D:1)
  4 goblin zombies (Ossuary)
  A hobgoblin zombie (Ossuary)
  3 kobolds
  3 kobold zombies (Ossuary)
  2 orc zombies (Ossuary)
  2 rats
131 creatures vanquished.

Notes
Turn   | Place    | Note
-------+----------+-------------------------------------------
     0 | D:1      | maniek23 the Gnoll Hunter began the quest for the Orb.
     0 | D:1      | Reached XP level 1. HP: 20/20 MP: 1/1
    41 | D:1      | Reached XP level 2. HP: 26/26 MP: 2/2
   118 | D:1      | Found Ohum's General Store.
   283 | D:1      | Reached XP level 3. HP: 30/31 MP: 3/3
   548 | D:1      | Reached skill level 1 in Invocations
   816 | D:2      | Reached skill level 1 in Short Blades
   816 | D:2      | Reached skill level 1 in Long Blades
   816 | D:2      | Reached skill level 1 in Axes
   816 | D:2      | Reached skill level 1 in Maces & Flails
   816 | D:2      | Reached skill level 1 in Polearms
   816 | D:2      | Reached skill level 1 in Staves
   816 | D:2      | Reached skill level 1 in Throwing
   816 | D:2      | Reached skill level 1 in Armour
   816 | D:2      | Reached skill level 1 in Shields
   816 | D:2      | Reached skill level 1 in Unarmed Combat
   816 | D:2      | Reached skill level 1 in Spellcasting
   816 | D:2      | Reached skill level 1 in Evocations
   822 | D:2      | Reached XP level 4. HP: 38/38 MP: 5/5
   975 | D:2      | Identified the +4 sling "Worm's Wrath" {drain, Will+ Str+2}
  1325 | D:3      | Found a white marble altar of Elyvilon.
  1327 | D:3      | Found a sparkling altar of Nemelex Xobeh.
  1333 | D:3      | Became a worshipper of Elyvilon the Healer
  1334 | D:3      | Fell from the grace of Elyvilon
  1596 | D:3      | Reached skill level 1 in Conjurations
  1596 | D:3      | Reached skill level 1 in Hexes
  1596 | D:3      | Reached skill level 1 in Summonings
  1596 | D:3      | Reached skill level 1 in Necromancy
  1596 | D:3      | Reached skill level 1 in Translocations
  1596 | D:3      | Reached skill level 1 in Transmutations
  1596 | D:3      | Reached skill level 1 in Fire Magic
  1596 | D:3      | Reached skill level 1 in Ice Magic
  1596 | D:3      | Reached skill level 1 in Air Magic
  1596 | D:3      | Reached skill level 1 in Earth Magic
  1596 | D:3      | Reached skill level 1 in Poison Magic
  1610 | D:3      | Reached XP level 5. HP: 43/43 MP: 5/7
  2083 | D:4      | Noticed an orc warrior
  2087 | D:4      | Killed an orc warrior
  2092 | D:4      | Reached XP level 6. HP: 39/50 MP: 8/8
  2107 | D:4      | Found Ginwaaq's Magic Scroll Shop.
  2117 | D:4      | Noticed an orc warrior
  2121 | D:4      | Reached skill level 5 in Fighting
  2121 | D:4      | Reached skill level 5 in Dodging
  2138 | D:4      | Killed an orc warrior
  2187 | D:4      | Reached XP level 7. HP: 32/56 MP: 10/10
  2240 | D:4      | Found a sand-covered staircase.
  2253 | Ossuary  | Entered an ossuary
  2454 | Ossuary  | Reached skill level 9 in Ranged Weapons
  2646 | Ossuary  | Reached XP level 8. HP: 63/63 MP: 12/12
  2911 | D:4      | Bought a scroll of identify for 26 gold pieces
  2911 | D:4      | Bought a scroll of teleportation for 39 gold pieces
  2991 | D:4      | Gained mutation: You are strong-willed. (Will+) [potion of
                  | mutation]
  2991 | D:4      | Gained mutation: You are vulnerable to cold. (rC-) [potion
                  | of mutation]
  2991 | D:4      | Gained mutation: You have sharp fingernails. [potion of
                  | mutation]
  2991 | D:4      | Gained mutation: You are agile. (Dex +4, Str/Int -1)
                  | [potion of mutation]
  3624 | D:5      | Entered Level 5 of the Dungeon
  4086 | D:5      | Noticed Pikel
  4096 | D:5      | Killed Pikel
  4097 | D:5      | Reached XP level 9. HP: 69/69 MP: 13/15
  4272 | D:5      | Noticed Menkaure
  4282 | D:5      | Killed Menkaure
  4668 | D:5      | Reached skill level 5 in Stealth
  4681 | D:5      | Reached skill level 5 in Invocations
  4886 | D:6      | Found a staircase to the Ecumenical Temple.
  4904 | Temple   | Entered the Ecumenical Temple
  4984 | Temple   | Became a worshipper of Hepliaklqana the Forgotten
  5053 | D:6      | HP: 1/66 [wight/+0 war axe (3)]
  5059 | D:6      | Slain by a wight

Illustrated notes

Levels and vault maps discovered:
D:1:      eino_arrival_water_star, layout_basic, serial_shops, shop
D:2:      layout_loops_ring, dreamdust_princess_bridge, minmay_vboxes
D:3:      layout_loops_ring, chequers_temple_overflow_statue_of_worship
D:4:      layout_basic, nicolae_ossuary_entry_ruins, serial_shops,
          nicolae_shop_stone, corexii_hall_statues_i, guppyfry_early_orc_mine
D:5:      layout_basic, uniq_pikel, uniq_menkaure
D:6:      layout_loops_cross, nicolae_kikubaaqudgha_miasma_corner,
          minmay_temple_entry_wispy
Temple:   compressed_dpeg_circular_temple

Skill      XL: |  1  2  3  4  5  6  7  8  9 |
---------------+----------------------------+-----
Invocations    | 1 2 3 4 5 |  5.2
Short Blades   | 1 2 3 4 |  4.7
Long Blades    | 1 2 3 4 |  4.7
Axes           | 1 2 3 4 |  4.7
Maces & Flails | 1 2 3 4 |  4.7
Polearms       | 1 2 3 4 |  4.7
Staves         | 1 2 3 4 |  4.7
Throwing       | 1 2 3 4 |  4.7
Armour         | 1 2 3 4 |  4.7
Shields        | 1 2 3 4 |  4.7
Unarmed Combat | 1 2 3 4 |  4.7
Spellcasting   | 1 2 3 4 |  4.7
Evocations     | 1 2 3 4 |  4.7
Conjurations   | 1 2 3 |  3.9
Hexes          | 1 2 3 |  3.9
Summonings     | 1 2 3 |  3.9
Necromancy     | 1 2 3 |  3.9
Translocations | 1 2 3 |  3.9
Transmutations | 1 2 3 |  3.9
Fire Magic     | 1 2 3 |  3.9
Ice Magic      | 1 2 3 |  3.9
Air Magic      | 1 2 3 |  3.9
Earth Magic    | 1 2 3 |  3.9
Poison Magic   | 1 2 3 |  3.9
Stealth        | 3 4 5 |  5.3
Fighting       | 5 6 |  6.6
Dodging        | 5 6 |  6.6
Ranged Weapons | 9 |  9.8

Action                     |  1- 3 |  4- 6 |  7- 9 || total
---------------------------+-------+-------+-------++-------
  Melee: Dagger            |       |       |     5 ||     5
         Punch             |       |       |     1 ||     1
         Bite              |       |       |     1 ||     1
   Fire: Shortbow          |    73 |    13 |       ||    86
         Sling             |       |    72 |   334 ||   406
 Invoke: Renounce Religion |       |     1 |       ||     1
    Use: Potion            |       |     1 |     2 ||     3
         Scroll            |       |       |     6 ||     6
 Armour: Leather armour    |     7 |     1 |    24 ||    32
  Dodge: Dodged            |    13 |    15 |    90 ||   118
